AoeStats
← camilozv95

Arena

510957172Analyzed
1v1 RM · 6h ago on Oct 3, 2026· 32m 39s· 2 players
Game mode
Random Map
Map size
Tiny (2 player)
Population
200
Speed
Normal
Resources
Standard
Victory
Conquest
Starting age
Dark Age
Ending age
Imperial Age
RankedLock teamsTeams togetherTeam positionsShared explorationLock speedFull tech treeHidden civsTurbo modeCheats
Victory
Defeat
🇱🇰 Varangians · Sri Lanka
957
+17
🇨🇴 Khmer · Colombia
968
-17
xnahfmxv
11:52 Feudal Age
15:29 Castle Age
13:41 Gold Mining
13:38 Double-Bit Axe
13:36 Horse Collar
14:46 Loom
18:27 Forging
19:00 Wheelbarrow
26:21 Bow Saw
29:16 Iron Casting
28:56 Bloodlines
camilozv95
10:01 Feudal Age
10:31 Feudal Age
14:46 Castle Age
18:32 Loom
25:58 Pikeman
32:41 Husbandry
Connection lost

Rejoining the realm…

Still unreachable

The connection could not be restored.

Session expired

The server has moved on; the page needs a fresh start.